Map: [ESL] Oceanborn

Players

Cyan - Winner!

  • Race: Protoss Protoss
  • Spawn Location: 5:00

TeebuL

  • Race: Protoss Protoss
  • Spawn Location: 11:00

Event: ESL SC2 Masters 2023 Winter (Regional)

VOD

Have the link to the VOD?

Description

Time

  • Played on: Oct. 27, 2023, 8:18 a.m.
  • Length: 6:55

All games in this series

Show
View Real Time Build Order
Export as new Build Order

Cyan Protoss - Winner!

Build Orders:  

Get SALT Encoding   

  12  0:00  Probe  
  13  0:12  Probe  
  14  0:17  Pylon  
  14  0:24  Probe (Chrono Boost)  
  15  0:36  Probe (Chrono Boost)  
  15  0:37  Gateway  
  16  0:44  Probe (Chrono Boost)  
  16  0:47  Assimilator  
  17  0:51  Probe  
  18  0:57  Assimilator  
  18  1:03  Probe (Chrono Boost)  
  19  1:09  Gateway  
  19  1:15  Probe (Chrono Boost)  
  20  1:23  Probe (Chrono Boost)  
  21  1:28  Cybernetics Core  
  21  1:29  Probe  
  22  1:35  Pylon  
  22  1:41  Probe  
  23  1:53  Probe  
  24  2:05  Probe, Adept x2  
  24  2:06  Warp Gate  
  29  2:12  Pylon  
  29  2:23  Probe  
  29  2:25  Pylon  
  30  2:35  Stalker x2  
  34  2:52  Nexus  
  34  3:03  Probe  
  35  3:12  Robotics Facility  
  35  3:13  Shield Battery  
  35  3:16  Sentry x2  
  39  3:22  Pylon  
  39  3:40  Probe  
  39  3:41  Shield Battery  
  40  3:54  Stalker  
  40  3:55  Stalker  
  44  4:01  Immortal (Chrono Boost)  
  48  4:10  Shield Battery  
  48  4:13  Pylon  
  46  4:27  Stalker x2  
  50  4:32  Observer (Chrono Boost)  
  50  4:35  Shield Battery  
  51  4:46  Probe  
  51  4:49  Warp Prism  
  51  4:51  Probe  
  51  4:52  Pylon  
  53  5:04  Probe (Chrono Boost)  
  52  5:09  Probe (Chrono Boost)  
  53  5:14  Sentry, Stalker  
  53  5:18  Shield Battery  
  58  5:22  Probe (Chrono Boost)  
  58  5:24  Probe (Chrono Boost)  
  58  5:27  Probe  
  59  5:32  Pylon  
  60  5:43  Stalker  
  60  5:44  Stalker  
  60  5:46  Probe  
  60  5:48  Observer  
  66  5:51  Probe  
  67  6:10  Adept x2  
  62  6:19  Probe  
  62  6:20  Probe  
  64  6:30  Stalker x2  
  68  6:33  Probe x2  
Show
View Real Time Build Order
Export as new Build Order

TeebuL Protoss 

Build Orders: Oracle Opening 

Get SALT Encoding   

  12  0:00  Probe  
  13  0:12  Probe  
  14  0:17  Pylon  
  14  0:24  Probe (Chrono Boost)  
  15  0:36  Gateway, Probe (Chrono Boost)  
  16  0:44  Probe (Chrono Boost)  
  16  0:46  Assimilator  
  17  0:51  Probe  
  17  0:54  Assimilator  
  18  1:03  Probe (Chrono Boost)  
  19  1:07  Gateway  
  19  1:15  Probe (Chrono Boost)  
  20  1:20  Probe (Chrono Boost)  
  21  1:25  Cybernetics Core  
  21  1:29  Probe  
  22  1:39  Pylon  
  22  1:41  Probe  
  23  1:57  Probe  
  23  2:01  Warp Gate (Chrono Boost)  
  24  2:03  Adept x2  
  28  2:16  Pylon  
  28  2:19  Probe  
  29  2:26  Pylon  
  29  2:33  Adept  
  29  2:34  Adept  
  34  2:58  Probe  
  34  3:03  Adept  
  34  3:04  Adept  
  34  3:05  Shield Battery  
  38  3:07  Stargate  
  37  3:13  Probe  
  37  3:15  Shield Battery  
  37  3:29  Probe  
  36  3:40  Nexus  
  34  3:41  Probe  
  34  3:47  Pylon  
  35  3:49  Oracle (Chrono Boost)  
  38  3:56  Probe  
  38  4:01  Shield Battery  
  39  4:07  Stalker x2  
  43  4:10  Probe  
  44  4:22  Probe  
  45  4:29  Twilight Council  
  45  4:34  Probe (Chrono Boost)  
  46  4:43  Probe (Chrono Boost)  
  43  4:50  Stalker x2  
  43  4:52  Shield Battery  
  47  5:02  Void Ray (Chrono Boost)  
  47  5:05  Probe  
  48  5:10  Pylon, Probe  
  46  5:16  Stalker  
  46  5:17  Probe  
  46  5:19  Stalker  
  51  5:24  Probe  
  52  5:35  Void Ray (Chrono Boost)  
  56  5:42  Adept x2  
  60  5:50  Pylon, Probe x2  
  62  6:03  Stalker x2  
  56  6:20  Probe x2  
  56  6:23  Gateway  
  58  6:26  Gateway  
  58  6:29  Zealot x2  
  58  6:32  Probe  
  63  6:33  Pylon  
  43  6:49  Stalker x2  
Tags
 
Add a new tag
Caveats
  • Supply blocks, unpowered buildings, or Contaminate may cause inaccurate times.
  • Supply counts are checked every 10 seconds.